 Dungeon Crawl Stone Soup version 0.31-a0-229-g1fc7ce93e2 (webtiles) character file.

Game seed: 13010594709405926220

98 Nietzsche the Ruffian (level 4, 0/35 HPs)
             Began as a Draconian Transmuter on July 6, 2023.
             Frozen to death by an endoplasm (5 damage)
             ... on level 2 of the Dungeon.
             The game lasted 00:07:36 (2071 turns).

Nietzsche the Ruffian (Draconian Transmuter)        Turns: 2071, Time: 00:07:37

Health: 0/35       AC:  5    Str: 18    XL:     4   Next: 43%
Magic:  7/7        EV: 12    Int: 16    God:
Gold:   87         SH:  0    Dex: 11    Spells: 5/8 levels left

rFire   . .          .
                       - Unarmed
rCold   . . .        (no shield)
rNeg    . . .        (body armour unavailable)
rPois   .            (helmet restricted)
rElec   .            (no cloak)
rCorr   .            (no gloves)
SInv    .            (no boots)
Will    .....        (no amulet)
Stlth   +            e - +6 ring of strength
HPRegen 0.25/turn    (no ring)
MPRegen 0.10/turn

%: no passive effects
@: no status effects
A: AC +5, unfitting armour, cold-blooded
a: no special abilities


You were on level 2 of the Dungeon.
You visited 1 branch of the dungeon, and saw 3 of its levels.

You collected 87 gold pieces.

Inventory:

Jewellery
 e - a +6 ring of strength (left hand)
Scrolls
 b - a scroll of vulnerability {unknown}
 c - a scroll of blinking {unknown}
 g - a scroll of brand weapon {unknown}
Potions
 a - a potion of lignification
 d - a potion of berserk rage {unknown}
 f - a potion of curing {unknown}
 h - 2 potions of heal wounds {unknown}


   Skills:
 + Level 1.5 Fighting
 + Level 2.4 Dodging
 + Level 0.3 Stealth
 + Level 4.0 Unarmed Combat
 + Level 2.5 Spellcasting
 + Level 2.5 Transmutations


You had 5 spell levels left.
You knew the following spells:

 Your Spells              Type           Power      Damage    Failure   Level
a - Beastly Appendage     Tmut           20%        N/A       7%          1
b - Wereblood             Tmut           10%        N/A       11%         2

Your spell library contained the following spells:

 Spells                   Type           Power      Damage    Failure   Level
 Spider Form              Tmut/Pois      6%         N/A       34%         3
 Ice Form                 Ice/Tmut       6%         N/A       75%         4


Dungeon Overview and Level Annotations

Branches:
Dungeon (3/15)

Altars:


Innate Abilities, Weirdness & Mutations

Your plain brown scales are hard. (AC +5)
You cannot fit into any form of body armour.
You are cold-blooded and may be slowed by cold attacks.


Message History

An orc wizard comes into view. It is wielding a +0 dagger.
An orc comes into view. It is wielding a +0 dagger.
An orc comes into view. It is wielding a +0 short sword.
You completely miss the phantom.
The orc wizard shouts!
The orc shouts!
Your tail-slap misses the phantom.
The phantom closely misses you.
You closely miss the phantom. The phantom misses you.
The orc priest mumbles some strange prayers to Beogh against you.
You barely resist.
The phantom hits you but does no damage.
The orc wizard mumbles some strange words.
The orc wizard flickers and vanishes!
Deactivating autopickup; reactivate with Ctrl-A.
The phantom hits you but does no damage. 3 orcs come into view.
The orc shouts!
The orc shouts!
The phantom attacks as you move away! The phantom hits you.
The endoplasm misses you. The phantom attacks as you move away!
The phantom closely misses you. The endoplasm attacks as you move away!
The endoplasm hits you but does no damage.
The phantom attacks as you move away! The phantom hits you!
* * * LOW HITPOINT WARNING * * *
The endoplasm attacks as you move away! The endoplasm hits you.
* * * LOW HITPOINT WARNING * * *
There is a stone staircase leading up here.
The endoplasm hits you but does no damage.
The orc hits you with a +0 dagger.
* * * LOW HITPOINT WARNING * * *
The orc hits you but does no damage.
You climb upwards.
Reactivating autopickup.
There is a stone staircase leading down here.
The orc hits you with a +0 dagger.
* * * LOW HITPOINT WARNING * * *
The orc hits you but does no damage. The endoplasm freezes you.
You are frozen.
You die...

#...........#
#.###♣~P~≈≈≈≈≈~P
#)..........# #.#
#~P~~P≈~≈≈~~
#...........# #.#
##♣P)~~~≈~≈~
#...........## #.#
#~~~P~~~~~
###########..# #.#
##♣~~~~~♣♣ #
#....##.## #.#
#~~P~~♣
######....##..####.#
##~~♣♣♣
...............o>J.#
##♣♣
###########....o@#.#
#......#.#
#......#.#
#......#.#
#......#.#
#......#.#
#......#.#
#......#.# ####
#......#.# #..<


You could see 2 orcs and an endoplasm.

Vanquished Creatures
  3 adders (D:2)
  3 worms
  A dart slug (D:1)
  7 ball pythons
  A bat (D:1)
  5 endoplasms
  3 giant cockroaches
  4 goblins (D:2)
  7 hobgoblins
  8 jackals
  A quokka (D:1)
  5 frilled lizards
  2 kobolds (D:2)
  4 rats
54 creatures vanquished.

Notes
Turn   | Place    | Note
-------+----------+-------------------------------------------
     0 | D:1      | Nietzsche the Draconian Transmuter began the quest for the
                  | Orb.
     0 | D:1      | Reached XP level 1. HP: 16/16 MP: 3/3
   138 | D:1      | Reached XP level 2. HP: 23/23 MP: 5/5
   845 | D:2      | Reached XP level 3. HP: 26/28 MP: 4/6
  1424 | D:2      | Reached XP level 4. HP: 15/35 MP: 7/7
  1987 | D:3      | Learned a level 2 spell: Wereblood
  2013 | D:3      | Reached skill level 4 in Unarmed Combat
  2022 | D:3      | Noticed a phantom
  2071 | D:2      | Frozen to death by an endoplasm

Illustrated notes

Levels and vault maps discovered:
D:1:      spicycebolla_green_bress_n_ham_2, layout_basic,
          minmay_misc_feat_diagonals
D:2:      minmay_diamond_boxcup, layout_basic, serial_bayou_lagoon_b
D:3:      layout_rooms, grunt_temple_overflow_growth_and_decay

Skill      XL: |  1  2  3  4 |
---------------+-------------+-----
Dodging        | 2 |  2.4
Unarmed Combat | 4 |  4.0
Fighting       | |  1.5
Stealth        | |  0.3
Spellcasting   | |  2.5
Transmutations | |  2.5

Action                     |  1- 3 |  4- 6 || total
---------------------------+-------+-------++-------
  Melee: Unarmed           |   118 |    75 ||   193
         Kick              |     9 |     6 ||    15
         Tailslap          |     8 |     8 ||    16
         Headbutt          |     9 |     2 ||    11
         Punch             |     1 |     5 ||     6
   Cast: Beastly Appendage |    11 |     5 ||    16
         Wereblood         |       |     1 ||     1
    Use: Potion            |     1 |       ||     1
   Stab: Sleeping          |     2 |       ||     2
         Distracted        |     1 |       ||     1
 Armour: Skin              |    36 |    30 ||    66
  Dodge: Dodged            |    78 |    55 ||   133

Table legend: (Time is in decaauts)
 A = Elapsed time spent in this place.
 B = Non-inter-level travel time spent in this place.
 C = Inter-level travel time spent in this place.
 D = Time resting spent in this place.
 E = Time spent auto-exploring this place.
 F = Levels seen in this place.
 G = Mean time per level.
                   A        B        C        D        E       F      G
               +--------+--------+--------+--------+--------+-----+--------+
         Total |   2107 |   2099 |      8 |      0 |   1470 |   3 |  702.3 |
       Dungeon |   2107 |   2099 |      8 |      0 |   1470 |   3 |  702.3 |
               +--------+--------+--------+--------+--------+-----+--------+

Top non-repeatable levels by time:
     D:2: 1196 daAuts
     D:1: 826 daAuts
     D:3: 85 daAuts
